AoeStats
← FrAnKsnBeAnS670

Arabian Desert

510523339Analyzed
1v1 RM · 1d ago on Oct 1, 2026· 27m 13s· 2 players
Game mode
Random Map
Map size
Tiny (2 player)
Population
200
Speed
Normal
Resources
Standard
Victory
Conquest
Starting age
Dark Age
Ending age
Imperial Age
RankedLock teamsTeams togetherTeam positionsShared explorationLock speedFull tech treeHidden civsTurbo modeCheats
Victory
Defeat
🇩🇪 Ethiopians · Germany
110
+21
🇺🇸 Danes · United States
218
-21
lucas
1:45 Loom
10:56 Feudal Age
12:28 Wheelbarrow
11:39 Town Watch
14:26 Horse Collar
16:17 Double-Bit Axe
17:31 Scale Mail Armor
17:29 Fletching
17:42 Padded Archer Armor
21:29 Castle Age
22:15 Crossbowman
23:03 Bodkin Arrow
FrAnKsnBeAnS670
0:28 Loom
11:52 Feudal Age
12:29 Town Watch
13:55 Man-at-Arms
14:23 Arson
21:43 Wheelbarrow
24:33 Castle Age
22:47 Fletching
22:47 Double-Bit Axe
22:47 Horse Collar
23:04 Gold Mining
23:52 Forging
23:49 Scale Mail Armor
23:47 Stone Mining
24:37 Padded Archer Armor
24:47 Scale Barding Armor
25:00 Bloodlines
25:25 Squires
26:06 Heavy Plow
26:25 Gambesons
Connection lost

Rejoining the realm…

Still unreachable

The connection could not be restored.

Session expired

The server has moved on; the page needs a fresh start.